 Dungeon Crawl Stone Soup version 0.20-a0-502-g555d78b (webtiles) character file.

20034 Klosterheim the Grappler (level 12, -9/122 HPs)
             Began as a Troll Berserker on Jan 20, 2017.
             Was a High Priest of Trog.
             Mangled by a two-headed ogre
             ... wielding a +0 giant club
              (26 damage)
             ... on level 12 of the Dungeon.
             The game lasted 00:14:09 (9653 turns).

Klosterheim the Grappler (Troll Berserker)          Turns: 9653, Time: 00:14:09

Health: -9/122     AC: 19    Str: 28    XL:     12   Next: 41%
Magic:  11/11      EV: 13    Int:  3    God:    Trog [*****.]
Gold:   799        SH:  0    Dex: 13    Spells: 11/11 levels left

rFire    . . .     SeeInvis .     - Unarmed
rCold    . . .     Gourm    +   t - quicksilver dragon scales
rNeg     . . .     Faith    .   (no shield)
rPois    .         Spirit   .   (helmet restricted)
rElec    .         Reflect  .   y - +0 cloak
rCorr    .         Harm     .   (gloves unavailable)
MR       +++..                  (boots unavailable)
Stlth    ++........             (no amulet)
Regen    1.7/turn               h - +3 ring of protection
                                m - ring of stealth

@: exhausted, regenerating, slowed, very slow
A: unfitting armour, claws 3, fast metabolism 3, gourmand, regeneration 1,
shaggy fur 1, tough skin 2
a: Berserk, Trog's Hand, Brothers in Arms, Burn Spellbooks, Renounce Religion


You were on level 12 of the Dungeon.
You worshipped Trog.
Trog was extremely pleased with you.
You were very full.

You visited 2 branches of the dungeon, and saw 13 of its levels.

You collected 799 gold pieces.

Inventory:

Missiles
 H - 7 tomahawks of returning (quivered)
Armour
 t - quicksilver dragon scales (worn)
 y - a +0 cloak (worn)
Jewellery
 f - an uncursed ring of see invisible
 h - a +3 ring of protection (right claw)
 m - a ring of stealth (left claw)
 o - an uncursed ring of ice
Wands
 c - a wand of disintegration (15/24)
 g - a wand of polymorph (6/24)
 j - a wand of flame (20/48)
 x - a wand of flame (28/48)
 F - a wand of confusion (19/48)
 I - a wand of confusion (33/48)
 J - a wand of acid (5/15)
 K - a wand of polymorph (11/24)
Scrolls
 a - 8 scrolls of identify
 d - 6 scrolls of remove curse
 e - 4 scrolls of teleportation
 u - a scroll of blinking {unknown}
 G - a scroll of magic mapping {unknown}
 L - a scroll of enchant armour {unknown}
 M - a scroll of fear
Potions
 i - a potion of resistance
 k - 5 potions of heal wounds
 l - 2 potions of degeneration {unknown}
 p - 3 potions of curing {unknown}
 r - 2 potions of flight
 s - a potion of brilliance {unknown}
 v - a potion of beneficial mutation {unknown}
 w - a potion of invisibility
 A - a potion of cancellation {unknown}
 B - a potion of magic {unknown}
 C - a potion of cure mutation {unknown}
 E - 2 potions of might {unknown}
Books
 N - a book of Frost

   Spells                             Type                      Level
   a - Freeze                         Ice                          1
   b - Throw Frost                    Conjuration/Ice              2
   c - Ozocubu's Armour               Charms/Ice                   3
   d - Throw Icicle                   Conjuration/Ice              4
   e - Summon Ice Beast               Ice/Summoning                4
   Trog disapproves of the use of such an item.
Comestibles
 b - 13 bread rations
 n - 5 royal jellies
 q - 11 slices of pizza
 z - 2 beef jerkies
 D - 3 meat rations
 O - 30 chunks of flesh


   Skills:
 + Level 8.4 Fighting
 + Level 6.6 Armour
 + Level 8.6 Dodging
 * Level 13.6 Unarmed Combat


You had 11 spell levels left.
You didn't know any spells.

Dungeon Overview and Level Annotations

Branches:
Dungeon (12/15)            Temple (0/1) D:4            Lair (0/6) D:11
    Orc (1/2) D:12

Altars:
Dithmenos
Ru
Trog
Yredelemnul
The Shining One

Shops:
D:6 =


Innate Abilities, Weirdness & Mutations

You are too large for most types of armour.
You have claws for hands.
Your metabolism is lightning-fast.
You like to eat raw meat.
Your natural rate of healing is unusually fast.
You are covered in fur. (AC +1)
You have very tough skin. (AC +2)


Message History

* * * LOW HITPOINT WARNING * * *
The two-headed ogre hits you with a giant club!
* * * LOW HITPOINT WARNING * * *
You barely miss the two-headed ogre. You claw the two-headed ogre.
The two-headed ogre is severely wounded.
The two-headed ogre barely misses you.
The two-headed ogre hits you with a giant club!
* * * LOW HITPOINT WARNING * * *
Your ogre goes berserk!
You feel quite a bit less full.
The two-headed ogre closely misses your ogre.
The two-headed ogre hits your ogre with a giant club!
The two-headed ogre closely misses you. The two-headed ogre barely misses you.
The two-headed ogre hits your ogre with a giant club!!
The two-headed ogre hits your ogre with a giant club!
Your ogre dies!
Your ogre's corpse disappears in a puff of smoke!
You fail to use your ability.
The two-headed ogre hits you with a giant club!!
You die...

## ##. ##### #####
##.. ###...#####...###
#... #.'.8.......8...#
#...
#.#...#####...#.####
#...
#.####'###@#.##....##
#... #.#
##.OO##.##.....## #...
#.# #.>ยง##.##......#
##.. #.#
##.[.##.##......# #...
#.####'###'#.##......#
#... #.#...##
##...#......# #...
#...8.# #.8.'......#
#... #[#...#
#...#......# #...
#.##### ##'##....#.#
##..


You could see 2 two-headed ogres.

Vanquished Creatures
  Snorg (D:11)
  Josephine (D:10)
  A hydra (D:12)
  6 two-headed ogres
  An unseen horror (D:12)
  Pikel (D:6)
  2 ugly things
  Maurice (D:8)
  A gargoyle (D:12)
  2 trolls
  Grinder (D:4)
  6 hippogriffs
  5 wraiths (D:10)
  Sigmund (D:6)
  A yak (D:8)
  A human (D:8)
  A wyvern (D:8)
  3 hogs (D:8)
  Grum (D:9)
  4 vampire mosquitoes (D:12)
  4 hungry ghosts
  A steam dragon (D:9)
  Menkaure (D:5)
  Edmund (D:5)
  Duvessa (D:5)
  An acid dragon (D:12)
  A water moccasin (D:9)
  5 ice beasts
  A slave (D:6)
  6 orc warriors
  3 black bears
  An eye of draining (D:9)
  A phantom (D:12)
  3 ogres
  A necrophage (D:11)
  7 sky beasts
  A tengu (shapeshifter) (D:10)
  3 wolves (D:9)
  5 centaurs
  A crocodile (D:10)
  6 bullfrogs
  Dowan (D:5)
  2 scorpions
  3 killer bees (D:10)
  3 howler monkeys
  3 crimson imps
  3 centaur zombies
  9 orc priests
  4 hounds
  4 jellies
  16 orc wizards
  2 bullfrog skeletons
  3 iguanas
  11 worker ants
  Ijyb (D:2)
  A hound zombie (D:5)
  A hound skeleton (D:5)
  A worker ant zombie (D:6)
  16 adders
  3 gnolls (D:8)
  5 shadow imps
  An ooze (D:4)
  An adder skeleton (D:5)
  4 worms
  8 leopard geckos
  70 orcs
  A ball python (D:3)
  2 giant cockroaches (D:3)
  4 goblins
  3 hobgoblins
  8 jackals
  10 kobolds
  6 quokkas
  6 bats
  3 frilled lizards
  A jackal skeleton (D:9)
  A leopard gecko skeleton (D:5)
  A quokka skeleton (D:6)
  5 rats
322 creatures vanquished.

Vanquished Creatures (collateral kills)
  A centaur zombie (D:12)
  An ogre (Orc:1)
2 creatures vanquished.

Vanquished Creatures (others)
  A centaur skeleton (D:6)
1 creature vanquished.

Grand Total: 325 creatures vanquished

Notes
Turn   | Place    | Note
-------+----------+-------------------------------------------
     0 | D:1      | Klosterheim the Troll Berserker began the quest for the Orb.
     0 | D:1      | Reached XP level 1. HP: 22/22 MP: 0/0
   366 | D:1      | Reached XP level 2. HP: 29/29 MP: 1/1
   779 | D:2      | Found a bloodstained altar of Trog.
   830 | D:2      | Found a bloodstained altar of Trog.
   926 | D:2      | Noticed Ijyb
   940 | D:2      | Killed Ijyb
   940 | D:2      | Reached XP level 3. HP: 36/36 MP: 2/2
  1082 | D:2      | Reached skill level 4 in Unarmed Combat
  1179 | D:2      | Reached XP level 4. HP: 44/44 MP: 3/3
  1469 | D:3      | Reached ** piety under Trog
  1584 | D:3      | Found a sacrificial altar of Ru.
  1598 | D:3      | Reached XP level 5. HP: 50/53 MP: 4/4
  1660 | D:3      | Lost intelligence.
  1927 | D:3      | Found a shadowy altar of Dithmenos.
  2120 | D:4      | Reached skill level 5 in Unarmed Combat
  2447 | D:4      | Reached XP level 6. HP: 61/61 MP: 5/5
  2559 | D:4      | Found a staircase to the Ecumenical Temple.
  2771 | D:4      | Noticed Grinder
  2782 | D:4      | Killed Grinder
  2782 | D:4      | Reached skill level 6 in Unarmed Combat
  2782 | D:4      | Reached XP level 7. HP: 51/68 MP: 6/6
  2983 | D:5      | Entered Level 5 of the Dungeon
  3001 | D:5      | Reached *** piety under Trog
  3304 | D:5      | Noticed Menkaure
  3312 | D:5      | Killed Menkaure
  3317 | D:5      | Reached skill level 7 in Unarmed Combat
  3377 | D:5      | Noticed Duvessa
  3377 | D:5      | Noticed Dowan
  3389 | D:5      | Killed Duvessa
  3403 | D:5      | Killed Dowan
  3403 | D:5      | Reached XP level 8. HP: 48/79 MP: 7/7
  3518 | D:5      | Noticed Edmund
  3527 | D:5      | Killed Edmund
  3684 | D:6      | Reached skill level 1 in Armour
  3734 | D:6      | Reached skill level 8 in Unarmed Combat
  3751 | D:6      | Found Ogryaqia's Jewellery Emporium.
  3908 | D:6      | Noticed Sigmund
  3916 | D:6      | Killed Sigmund
  3916 | D:6      | Reached skill level 5 in Dodging
  4010 | D:6      | Reached skill level 5 in Fighting
  4046 | D:6      | Found a bloodstained altar of Trog.
  4434 | D:6      | Noticed Pikel
  4448 | D:6      | Killed Pikel
  4448 | D:6      | Reached skill level 9 in Unarmed Combat
  4448 | D:6      | Reached XP level 9. HP: 88/88 MP: 8/8
  4650 | D:7      | Reached **** piety under Trog
  4711 | D:7      | Found a basalt altar of Yredelemnul.
  4946 | D:7      | Got a crude war axe
  4947 | D:7      | Identified the cursed +2 war axe of Eternal Night {speed, rC- Str+8 SInv} (You found it on level 7 of the Dungeon)
  5629 | D:8      | Reached skill level 10 in Unarmed Combat
  5667 | D:8      | Noticed Maurice
  5734 | D:8      | Killed Maurice
  5734 | D:8      | Reached XP level 10. HP: 98/98 MP: 9/9
  5808 | D:8      | Noticed a two-headed ogre
  5815 | D:8      | Killed a two-headed ogre
  5922 | D:8      | Noticed a green ugly thing
  5935 | D:8      | Killed a green ugly thing
  5984 | D:8      | Reached skill level 11 in Unarmed Combat
  6175 | D:8      | Reached ***** piety under Trog
  6589 | D:9      | Noticed Grum
  6600 | D:9      | Killed Grum
  6704 | D:9      | Reached skill level 5 in Armour
  6758 | D:9      | Noticed a two-headed ogre
  6769 | D:9      | Killed a two-headed ogre
  6769 | D:9      | Reached XP level 11. HP: 71/109 MP: 10/10
  7261 | D:10     | Entered Level 10 of the Dungeon
  7303 | D:10     | Noticed Josephine
  7313 | D:10     | Killed Josephine
  7452 | D:10     | Reached skill level 12 in Unarmed Combat
  7927 | D:10     | Found a glowing golden altar of the Shining One.
  8409 | D:11     | Received a gift from Trog
  8478 | D:11     | Found a staircase to the Lair.
  8587 | D:11     | Noticed Snorg
  8599 | D:11     | Killed Snorg
  8852 | D:11     | Noticed a two-headed ogre
  8868 | D:11     | Killed a two-headed ogre
  9069 | D:12     | Killed an unseen horror
  9162 | D:12     | Reached skill level 13 in Unarmed Combat
  9162 | D:12     | Reached XP level 12. HP: 107/119 MP: 11/11
  9283 | D:12     | Noticed a seven-headed hydra
  9293 | D:12     | Killed an 11-headed hydra
  9460 | D:12     | Received a gift from Trog
  9560 | D:12     | Found a staircase to the Orcish Mines.
  9631 | Orc:1    | Entered Level 1 of the Orcish Mines
  9631 | Orc:1    | Noticed an ogre mage
  9631 | Orc:1    | Noticed a two-headed ogre
  9631 | Orc:1    | Noticed a two-headed ogre
  9631 | Orc:1    | Noticed a two-headed ogre
  9631 | Orc:1    | Noticed a two-headed ogre
  9631 | Orc:1    | Noticed a two-headed ogre
  9639 | D:12     | Killed a two-headed ogre
  9644 | D:12     | Killed a two-headed ogre
  9648 | D:12     | Killed a two-headed ogre
  9653 | D:12     | Mangled by a two-headed ogre

Vault maps used:
D:1:      nicolae_arrival_memento_mori
D:2:      overflow_temple_1_default, roderic_lattice_a,
          trog_three_pillars_becter, uniq_iyjb
D:3:      nicolae_ru_great_annihilating_truth, grunt_dithmenos_smoke_and_mirrors
D:4:      first_bread, uniq_grinder
D:5:      uniq_menkaure, uniq_duvessa, uniq_edmund
D:6:      serial_shops, shop, trog_butcher_becter, uniq_pikel, uniq_sigmund
D:7:      black_bear_nest_1, kennysheep_mini
D:8:      grunt_livestock, uniq_maurice
D:9:      uniq_grum
D:10:     lemuel_flame_loot_2, nicolae_tso_carved_into_rock, uniq_josephine
D:11:     lair_entry_dummy, nrook_mini_backslash, uniq_snorg
D:12:     hiddenorc2_lemuel
Orc:1:    portal_ice_cave_entry_animals_and_master

Skill      XL: |  1  2  3  4  5  6  7  8  9 10 11 |
---------------+----------------------------------+-----
Unarmed Combat | 4 5 6 7 9 10 11 13 | 13.6
Dodging        | 3 4 5 6 7 8 |  8.6
Fighting       | 3 4 5 6 7 8 |  8.4
Armour         | 2 3 5 6 |  6.6

Action                   |  1- 3 |  4- 6 |  7- 9 | 10-12 || total
-------------------------+-------+-------+-------+-------++-------
Melee: Unarmed           |    72 |   128 |   270 |   502 ||   972
       Punch             |     1 |     5 |     9 |    27 ||    42
       War axe           |       |       |    43 |       ||    43
Invok: Berserk           |     3 |     3 |     4 |     9 ||    19
       Trog's Hand       |       |       |     3 |     3 ||     6
       Brothers in Arms  |       |       |       |     3 ||     3
  Use: Scroll            |       |     2 |     7 |       ||     9
 Stab: Sleeping          |       |     1 |     4 |     4 ||     9
  Eat: Chunk             |    14 |    23 |    37 |    61 ||   135
       Beef jerky        |       |       |     1 |       ||     1
       Fruit             |       |       |       |     3 ||     3
Armor: Animal skin       |    22 |    21 |       |       ||    43
       Quicksilver drago |       |    48 |   141 |   346 ||   535
Dodge: Dodged            |    29 |    51 |   161 |   377 ||   618
